 Dungeon Crawl Stone Soup version 0.31-a0-703-gcfe89afef6 (webtiles) character file.

Game seed: 8143082220898851967

1132 NotBilly007 the Changeling (level 8, 0/79 HPs)
             Began as a Troll Shapeshifter on Sept 9, 2023.
             Was an Initiate of Wu Jian.
             Slain by a gnoll
             ... wielding a +0 club
              (4 damage)
             ... on level 6 of the Dungeon.
             The game lasted 00:13:13 (4226 turns).

NotBilly007 the Changeling (Troll Shapeshifter)     Turns: 4226, Time: 00:13:13

Health: 0/79       AC:  4    Str: 25    XL:     8   Next: 13%
Magic:  7/7        EV:  9    Int:  6    God:    Wu Jian [......]
Gold:   274        SH:  0    Dex:  9    Spells: 7/7 levels left

rFire   . .          .
                       - Unarmed
rCold   . . .        (shield currently unavailable)
rNeg    . . .        a - +0 animal skin
rPois   .            (helmet restricted)
rElec   .            (no cloak)
rCorr   .            (gloves unavailable)
SInv    .            (boots unavailable)
Will    .....        (no amulet)
Stlth   +            (no ring)
HPRegen 1.13/turn    (no ring)
MPRegen 0.10/turn

%: no passive effects
@: about to teleport, flux-form, glowing
A: glow, contaminating, large, unfitting armour, claws 3, regeneration 1, shaggy
fur 1, tough skin 1
a: Begin Untransformation, Renounce Religion


You were on level 6 of the Dungeon.
You worshipped Wu Jian.
Wu Jian was noncommittal.
You were something dangerously unstable.
You visited 2 branches of the dungeon, and saw 7 of its levels.

You collected 274 gold pieces.

Inventory:

Armour
 a - a +0 animal skin (worn)
Jewellery
 t - a ring of wizardry
Talismans
 c - a beast talisman
 d - a flux talisman (active)
 m - a maw talisman
Wands
 j - a wand of mindburst (12) (quivered)
 q - a wand of flame (20)
Scrolls
 e - a scroll of noise {unknown}
 f - 2 scrolls of teleportation
 g - a scroll of revelation {unknown}
 h - 4 scrolls of identify
 i - a scroll of amnesia {unknown}
 k - a scroll of enchant armour {unknown}
 l - a scroll of enchant weapon {unknown}
 u - a scroll of vulnerability {unknown}
Potions
 b - 2 potions of lignification
 n - a potion of enlightenment
 o - a potion of ambrosia
 p - 3 potions of attraction {unknown}
 r - a potion of haste {unknown}
 s - a potion of might {unknown}


   Skills:
 * Level 4.5 Fighting
 - Level 1.5 Dodging
 + Level 4.9 Unarmed Combat
 - Level 7.0 Shapeshifting


You had 7 spell levels left.
You didn't know any spells.
Your spell library contained the following spells:

 Spells                   Type           Power      Damage    Failure   Level
 Kiss of Death            Conj/Necr      0%         2d5       45%         1
 Sandblast                Erth           0%         2d4       45%         1
 Shock                    Conj/Air       0%         1d3       45%         1
 Confusing Touch          Hex            0%         N/A       83%         3
 Swiftness                Air            0%         N/A       83%         3
 Airstrike                Air            0%         2d(0-16)  99%         4
 Animate Armour           Summ/Erth      0%         N/A       99%         4
 Dispel Undead            Necr           0%         3d6       99%         4
 Vhi's Electric Charge    Tloc/Air       0%         N/A       99%         4


Dungeon Overview and Level Annotations

Branches:
Dungeon (6/15)             Temple (1/1) D:5

Altars:
Cheibriados
Dithmenos
Elyvilon
Fedhas
Hepliaklqana
Kikubaaqudgha
Makhleb
Nemelex Xobeh
Okawaru
Qazlal
Ru
Sif Muna
Trog
Vehumet
Wu Jian
Yredelemnul
Zin
The Shining One

Shops:
D:1 :   D:2 !   D:5 [


Innate Abilities, Weirdness & Mutations

You are something dangerously unstable.
You glow with magical radiation, making you easy to see and hit.
Foes you strike become dangerously contaminated with magical radiation.
You are incapable of wielding weapons or throwing items.
You are too large for most types of armour.
You have claws for hands.
Your natural rate of healing is unusually fast.
You are covered in fur. (AC +1)
You have tough skin. (AC +1)


Message History

The gnoll hits you from afar with a +0 spear.
You lunge at the gnoll.
You claw the gnoll!
The gnoll glows dangerously bright.
The gnoll is severely wounded.
The gnoll hits you from afar with a +1 spear of freezing!
The gnoll freezes you. The gnoll hits you with a +0 halberd.
The gnoll barely misses you.
The gnoll hits you from afar with a +0 halberd!
The gnoll hits you from afar with a +0 spear.
You lunge at the gnoll.
You scratch the gnoll.
You kill the gnoll!
The Council accepts your kill. The gnoll barely misses you.
The gnoll hits you from afar with a +0 spear!
You lunge at the gnoll.
You closely miss the gnoll.
The gnoll hits you with a +1 spear of freezing.
The gnoll freezes you. The gnoll barely misses you.
The gnoll hits you but does no damage.
You closely miss the gnoll. The gnoll closely misses you.
The gnoll barely misses you. The gnoll hits you with a +0 spear.
The gnoll barely misses you. The gnoll attacks as it pursues you!
The gnoll hits you with a +0 club!
The gnoll hits you from afar with a +0 spear.
* * * LOW HITPOINT WARNING * * *
You claw the gnoll!
The gnoll begins to glow.
The gnoll is almost dead.
The gnoll hits you from afar with a +1 spear of freezing!
* * * LOW HITPOINT WARNING * * *
The gnoll freezes you.
* * * LOW HITPOINT WARNING * * *
The gnoll barely misses you.
The gnoll hits you from afar with a +0 spear.
* * * LOW HITPOINT WARNING * * *
As you read the scroll of teleportation, it crumbles to dust.
You feel strangely unstable. The gnoll closely misses you.
The gnoll hits you with a +0 club.
* * * LOW HITPOINT WARNING * * *
The gnoll hits you from afar with a +0 spear!
* * * LOW HITPOINT WARNING * * *
The gnoll attacks as it pursues you! The gnoll hits you with a +0 club.
You die...

..)......# #...
.........# #.....#
.........##...8...#
........##...###...#
.......##...##8##...##
......##...##...##...##
.....##...##.....##...##
.....#...##.......##g..#
.....'.......[..Bg.g)..+
....)#...##.(.....##...#
...).##...##.....##...##
......##...##...##...##
.......##...##8##g..##
........##...###..g#
.........##...8...#
.........# #.....#
###......+


You could see 3 gnolls.

Vanquished Creatures
  Grinder (D:3)
  2 sky beasts (D:6)
  2 ogres
  A centaur (D:6)
  A scorpion (D:5)
  2 jellies (D:6)
  A hound (D:5)
  A sleepcap (D:4)
  Terence (D:2)
  4 iguanas
  Natasha (twice) (D:2)
  4 gnolls (D:6)
  3 adders
  3 worms (D:2)
  2 dart slugs
  12 orcs
  An endoplasm (D:2)
  2 giant cockroaches (D:3)
  8 goblins
  4 hobgoblins (D:1)
  4 jackals (D:1)
  6 kobolds
  4 quokkas
  4 ball pythons
  4 bats
  3 frilled lizards
  3 rats (D:1)
85 creatures vanquished.

Notes
Turn   | Place    | Note
-------+----------+-------------------------------------------
     0 | D:1      | NotBilly007 the Troll Shapeshifter began the quest for the
                  | Orb.
     0 | D:1      | Reached XP level 1. HP: 18/18 MP: 0/0
   238 | D:1      | Reached XP level 2. HP: 26/26 MP: 1/1
   496 | D:1      | Found Yvvatuck's Book Shoppe.
   511 | D:1      | Reached skill level 4 in Shapeshifting
   616 | D:1      | Reached XP level 3. HP: 30/32 MP: 2/2
   940 | D:2      | Noticed Terence
  1089 | D:1      | You fall into a shaft and drop 1 floor!
  1099 | D:2      | Found a radiant altar of Vehumet.
  1195 | D:2      | Found Usoada's Distillery.
  1288 | D:2      | Noticed Natasha
  1294 | D:2      | Killed Natasha
  1295 | D:2      | Reached XP level 4. HP: 26/40 MP: 3/3
  1579 | D:2      | Killed Terence
  1580 | D:2      | Reached skill level 5 in Shapeshifting
  1692 | D:2      | Noticed Natasha
  1698 | D:2      | Killed Natasha
  1877 | D:3      | Reached XP level 5. HP: 40/46 MP: 4/4
  1969 | D:3      | You fall into a shaft and drop 3 floors!
  2019 | D:5      | Entered Level 5 of the Dungeon
  2245 | D:3      | Found a burning altar of Makhleb.
  2268 | D:3      | Reached skill level 6 in Shapeshifting
  2344 | D:3      | Found a hazy altar of Hepliaklqana.
  2473 | D:3      | Noticed Grinder
  2483 | D:3      | Paralysed by Grinder for 3 turns
  2492 | D:3      | Killed Grinder
  2493 | D:3      | Reached XP level 6. HP: 19/54 MP: 5/5
  2723 | D:3      | Reached skill level 7 in Shapeshifting
  2918 | D:4      | Reached skill level 1 in Fighting
  3164 | D:5      | Reached XP level 7. HP: 28/65 MP: 6/6
  3395 | D:5      | Got Zeekk's Essays on the Galvanic Valley
  3581 | D:5      | Found a staircase to the Ecumenical Temple.
  3769 | D:5      | Found Keh Quna's Armour Shop.
  3915 | Temple   | Entered the Ecumenical Temple
  3946 | Temple   | Became a worshipper of the Wu Jian Council
  4086 | D:6      | Reached XP level 8. HP: 24/78 MP: 7/7
  4224 | D:6      | HP: 2/79 [gnoll/+0 spear (7)]
  4226 | D:6      | Slain by a gnoll

Illustrated notes

Levels and vault maps discovered:
D:1:      dpeg_arrival_boxorama, layout_basic, serial_shops, shop
D:2:      layout_basic, basic_altar, serial_shops,
          nicolae_shop_industrial_runoff, uniq_terence, uniq_natasha
D:3:      layout_loops_ring, mainiacjoe_overflow_alcove_1,
          nzn_hepliaklqana_mist_gate, uniq_grinder
D:4:      layout_basic, mainiacjoe_overflow_alcove_2
D:5:      layout_basic, minmay_temple_entry_butterflies, serial_shops,
          nicolae_shop_back_alley_shop, nrook_mini_backslash
D:6:      minmay_chambers_of_fours, layout_gridville, serial_shops,
          nicolae_shop_crystal, kennysheep_diamond, corexii_shack
Temple:   kb_temple_of_zot

Skill      XL: |  1  2  3  4  5  6  7 |
---------------+----------------------+-----
Shapeshifting  | 4 5 6 7 |  7.0
Fighting       | 2 4 |  4.5
Unarmed Combat | 4 |  4.9
Dodging        | |  1.5

Action                     |  1- 3 |  4- 6 |  7- 9 || total
---------------------------+-------+-------+-------++-------
  Melee: Unarmed           |    71 |   105 |    54 ||   230
         Punch             |       |     1 |       ||     1
Ability: Lunge             |       |       |    10 ||    10
  Evoke: Wand              |       |     3 |     1 ||     4
    Use: Scroll            |       |     3 |     1 ||     4
 Armour: Animal skin       |    39 |    66 |    49 ||   154
  Dodge: Dodged            |    25 |    29 |    26 ||    80
   Form: Flux              |       |       |     1 ||     1

Table legend: (Time is in decaauts)
 A = Elapsed time spent in this place.
 B = Non-inter-level travel time spent in this place.
 C = Inter-level travel time spent in this place.
 D = Time resting spent in this place.
 E = Time spent auto-exploring this place.
 F = Levels seen in this place.
 G = Mean time per level.
                   A        B        C        D        E       F      G
               +--------+--------+--------+--------+--------+-----+--------+
         Total |   4220 |   3942 |    278 |    242 |   3058 |   7 |  602.9 |
       Dungeon |   4158 |   3941 |    217 |    242 |   3058 |   6 |  693.0 |
        Temple |     62 |      1 |     61 |      0 |      0 |   1 |   62.0 |
               +--------+--------+--------+--------+--------+-----+--------+

Top non-repeatable levels by time:
     D:2: 978 daAuts
     D:5: 959 daAuts
     D:1: 871 daAuts
     D:3: 685 daAuts
     D:4: 379 daAuts
     D:6: 284 daAuts
  Temple: 62 daAuts
